 Dungeon Crawl Stone Soup version 0.20.1-1-g8b1a95d (webtiles) character file.

473 letownia2 the Grave Robber (level 6, 17/49 HPs)
             Began as a Deep Dwarf Necromancer on Dec 17, 2017.
             Quit the game on level 5 of the Dungeon.
             The game lasted 00:07:23 (2097 turns).

letownia2 the Grave Robber (Deep Dwarf Necromancer) Turns: 2097, Time: 00:07:24

Health: 17/49      AC:  6    Str: 14    XL:     6   Next: 83%
Magic:  3/12       EV: 11    Int: 17    God:
Gold:   183        SH:  0    Dex: 13    Spells: 9/13 levels left

rFire    . . .     SeeInvis .   p - +2 flail (protect)
rCold    . . .     Gourm    .   (no shield)
rNeg     . . .     Faith    .   k - +0 ring mail
rPois    .         Spirit   .   n - +0 helmet
rElec    .         Reflect  .   (no cloak)
rCorr    .         Harm     .   (no gloves)
MR       .....                  (no boots)
Stlth    +.........             (no amulet)
Regen    0.0/turn               j - +2 ring of strength (curse)
MPRegen  0.2/turn               (no ring)

@: starving, non-regenerating
A: damage resistance, heal wounds, sense surroundings 1, no regeneration
a: Heal Wounds


You were on level 5 of the Dungeon.
You were starving.

You visited 1 branch of the dungeon, and saw 5 of its levels.

You collected 183 gold pieces.

Inventory:

Hand Weapons
 m - a +0 dagger
 o - a +4 spear
 p - a +2 flail of protection (weapon)
Missiles
 r - a throwing net (quivered)
Armour
 e - a +0 leather armour
 k - a +0 ring mail (worn)
 n - a +0 helmet (worn)
Jewellery
 j - a cursed +2 ring of strength (left hand)
Scrolls
 a - a scroll of identify {unknown}
 f - a scroll of random uselessness {unknown}
 h - a scroll of blinking {unknown}
 i - a scroll of recharging {unknown}
 l - a scroll of fear {unknown}
Potions
 d - 2 potions of brilliance {unknown}
 g - a potion of flight {unknown}
Books
 b - a book of Necromancy

   Spells                             Type                      Level
   a - Pain                           Necromancy                   1
   b - Animate Skeleton               Necromancy                   1
   c - Vampiric Draining              Necromancy                   3
   d - Regeneration                   Charms/Necromancy            3
   e - Animate Dead                   Necromancy                   4
   f - Control Undead                 Necromancy                   4
 q - a book of Frost

   Spells                             Type                      Level
   a - Freeze                         Ice                          1
   b - Throw Frost                    Conjuration/Ice              2
   c - Ozocubu's Armour               Charms/Ice                   3
   d - Throw Icicle                   Conjuration/Ice              4
   e - Summon Ice Beast               Ice/Summoning                4
Comestibles
 c - a bread ration


   Skills:
 - Level 2.1 Dodging
 - Level 2.4 Stealth
 * Level 4.1 Spellcasting
 + Level 7.6 Necromancy


You had 9 spell levels left.
You knew the following spells:

 Your Spells              Type           Power        Failure   Level  Hunger
a - Pain                  Necr           ####         1%          1    None
v - Vampiric Draining     Necr           ####......   4%          3    ###....


Dungeon Overview and Level Annotations

Branches:
Dungeon (5/15)
 Temple: D:4-7

Altars:
Xom


Innate Abilities, Weirdness & Mutations

You are resistant to damage.
You can heal yourself by infusing magical energy.
You passively map a small area around you.
You do not regenerate.


Message History

Press: ? - help, Shift-Dir - straight line, f - ice beast
Aim: an ice beast (lightly wounded)
The ice beast is heavily wounded.
You feel life coursing into your body. The ice beast barely misses you.
The phantom blinks!
Unknown command.
Unknown command.
Found a scroll labeled YROS NARILONT.
You hit the ice beast.
The ice beast is heavily wounded.
The ice beast hits you but does no damage. x2
You completely miss the ice beast.
The ice beast is heavily wounded.
You are starving!
The ice beast hits you. The ice beast freezes you!
You hit the ice beast but do no damage.
The ice beast is heavily wounded.
The ice beast hits you. The ice beast freezes you!
The phantom blinks!
Are you sure you want to abandon this character and quit the game? (Confirm with "yes".)

.##........%...... *
* #....>........####
*#.##.....#..##.### #
. ###..?.##.##...##.#
* **
#....#.##<#.....#.##
,
....#...##.#.........
..#........#.....%?*
,*
,....###...$##..$#.#
...#* ###..##@.##.#
,* ... #.....Y##.## *
, . #............#* ,
, #.#.#######.#....#
#.#.# #.# #.# # #.#
#.# , #. ###.####.##
* #W.. #.....(....
*.....#.#)#######


You could see an ice beast.

Vanquished Creatures
  2 ogres
  A bullfrog (D:5)
  An orc wizard (D:4)
  2 hounds (D:4)
  A worker ant (D:4)
  A hound skeleton (D:4)
  4 gnolls
  3 adders
  A shadow imp (D:4)
  2 oozes (D:4)
  2 adder skeletons
  An adder zombie (D:4)
  3 orcs
  2 giant cockroaches
  2 hobgoblins (D:3)
  4 jackals
  A quokka skeleton (D:5)
33 creatures vanquished.

Notes
Turn   | Place    | Note
-------+----------+-------------------------------------------
     0 | D:1      | letownia2 the Deep Dwarf Necromancer began the quest for the Orb.
     0 | D:1      | Reached XP level 1. HP: 15/15 MP: 3/3
   132 | D:2      | Reached XP level 2. HP: 22/22 MP: 0/5
   397 | D:3      | Reached skill level 5 in Necromancy
   533 | D:4      | Reached XP level 3. HP: 28/28 MP: 0/6
   538 | D:4      | Learned a level 3 spell: Vampiric Draining
   704 | D:4      | Reached skill level 6 in Necromancy
   704 | D:4      | Reached XP level 4. HP: 15/36 MP: 0/7
   821 | D:4      | Noticed a sky beast
   851 | D:4      | Found a shimmering altar of Xom.
  1103 | D:4      | Reached XP level 5. HP: 34/42 MP: 5/8
  1421 | D:4      | Noticed an ogre
  1594 | D:4      | Reached skill level 7 in Necromancy
  1671 | D:4      | Killed an ogre
  1671 | D:4      | Reached XP level 6. HP: 21/49 MP: 0/10
  1745 | D:5      | Entered Level 5 of the Dungeon
  1751 | D:5      | Noticed an ice beast
  2097 | D:5      | Quit the game

Skill      XL: |  1  2  3  4  5  6 |
---------------+-------------------+-----
Spellcasting   | 2 3 4 |  4.1
Necromancy     | 5 6 7 |  7.6
Dodging        | |  2.1
Stealth        | |  2.4

Action                   |  1- 3 |  4- 6 || total
-------------------------+-------+-------++-------
Melee: Dagger            |       |    72 ||    72
       Flail             |       |    24 ||    24
 Cast: Pain              |    35 |    11 ||    46
       Vampiric Draining |       |    23 ||    23
  Eat: Chunk             |       |     5 ||     5
Armor: Ring mail         |     5 |    55 ||    60
Dodge: Dodged            |     4 |    74 ||    78
